 Dungeon Crawl Stone Soup version 0.23-a0-49-gd9f7a49 (webtiles) character file.

1824 galech the Cleaver (level 8, -4/71 HPs)
             Began as a Minotaur Fighter on Aug 6, 2018.
             Was a Follower of Makhleb.
             Shot with an arrow by something (6 damage)
             ... on level 7 of the Dungeon.
             The game lasted 00:07:48 (5715 turns).

galech the Cleaver (Minotaur Fighter)               Turns: 5715, Time: 00:07:49

Health: -4/71      AC:  7    Str: 22    XL:     8   Next: 86%
Magic:  8/8        EV: 11    Int:  5    God:    Makhleb [*.....]
Gold:   322        SH: 11    Dex: 11    Spells: 7/7 levels left

rFire    . . .     SeeInvis .   a - +0 war axe
rCold    . . .     Gourm    .   c - +0 shield
rNeg     . . .     Faith    .   s - +2 leather armour {rPois}
rPois    +         Spirit   .   (helmet restricted)
rElec    .         Reflect  .   (no cloak)
rCorr    .         Harm     .   t - +0 pair of gloves
MR       .....     Rnd*Tele +   (no boots)
Stlth    +.........             (no amulet)
HPRegen  0.21/turn              q - ring of teleportation (curse)
MPRegen  0.11/turn              (no ring)

@: no status effects
A: retaliatory headbutt, horns 2
a: Renounce Religion


You were on level 7 of the Dungeon.
You worshipped Makhleb.
Makhleb was aware of your devotion.
You were not hungry.

You visited 2 branches of the dungeon, and saw 8 of its levels.

You collected 322 gold pieces.

Inventory:

Hand Weapons
 a - a +0 war axe (weapon)
Armour
 b - a +0 scale mail
 c - a +0 shield (worn)
 h - a +0 chain mail
 s - a +2 leather armour of poison resistance (worn)
 t - a +0 pair of gloves (worn)
Jewellery
 q - a cursed ring of teleportation (left hand)
Scrolls
 i - 4 scrolls of teleportation
 k - a scroll of fog
 p - 2 scrolls of random uselessness
 r - a scroll of enchant weapon
 x - a scroll of immolation
 y - 2 scrolls of fear
 A - a scroll of enchant armour {unknown}
 B - a scroll of amnesia {unknown}
 D - a scroll of torment {unknown}
Potions
 d - 2 potions of might
 e - a potion of heal wounds {unknown}
 j - a potion of agility {unknown}
 m - a potion of haste
 n - a potion of invisibility
 o - 2 potions of berserk rage {unknown}
 u - a potion of brilliance {unknown}
 v - a potion of flight {unknown}
 w - a potion of curing
 C - a potion of cancellation {unknown}
Comestibles
 f - 12 rations
 g - 8 chunks of flesh


   Skills:
 + Level 6.4 Fighting
 + Level 8.7 Axes
 + Level 5.8 Armour
 - Level 2.7 Dodging
 - Level 1.3 Stealth
 + Level 7.5 Shields
 + Level 2.1 Invocations


You had 7 spell levels left.
You didn't know any spells.
Your spell library was empty.

Dungeon Overview and Level Annotations

Branches:
Dungeon (7/15)             Temple (1/1) D:4

Altars:
Ashenzari
Cheibriados
Dithmenos
Elyvilon
Fedhas
Gozag
Kikubaaqudgha
Makhleb
Nemelex Xobeh
Okawaru
Qazlal
Sif Muna
Uskayaw
Vehumet
Wu Jian
Xom
Yredelemnul
Zin
The Shining One

Annotations:
D:3 2 transporters, Tovarisch's ghost, weakling NaWn


Innate Abilities, Weirdness & Mutations

You reflexively headbutt those who attack you in melee.
You have a pair of horns on your head.


Message History

The centaur shouts!
The worker ant bites you.
* * * LOW HITPOINT WARNING * * *
You slash the worker ant!
You headbutt the worker ant, but do no damage.
The worker ant is heavily wounded.
The worker ant bites you.
* * * LOW HITPOINT WARNING * * *
The centaur drinks a potion.
The centaur flickers and vanishes!
Deactivating autopickup; reactivate with Ctrl-A.
The worker ant bites you!
* * * LOW HITPOINT WARNING * * *
You barely miss the worker ant.
The worker ant is heavily wounded.
The worker ant waves its antennae.
The worker ant closely misses you.
Unknown command.
You hear a twanging sound.
An arrow appears from out of thin air!
The arrow hits you.
You die...

**,,,,,,,,,,* *,**
#....#.#..,,* *,,*
#....#.#..,,**********,*
#...>#.#.,,,*,,,,,,,,*,,
#.......#****,,,,,,,,**,
#.......#****,,,,,,,,**,
#.......+,,,,,,,,,,,,+,,
#.....a.#****,,,,,,,,***
#......@# **,,,,,,,,,,,
##.......# *,,,,,,,,,,,,
#........# *,,,,,,,,,,,,
#........# *,,,,,,,,,,,,
#...###### *,,,******,,.
####* *,,,* ***# *,,,* #
*,,,* # *,,,* #


You could see a worker ant.

Vanquished Creatures
  A hungry ghost (D:7)
  Menkaure (D:6)
  2 ice beasts
  A phantom (D:5)
  3 ogres
  A sky beast (D:4)
  A bullfrog (D:6)
  2 scorpions
  A crimson imp (D:5)
  2 hounds
  A jelly (D:6)
  A gnoll shaman (D:4)
  A bullfrog skeleton (D:5)
  2 orc priests
  A centaur skeleton (D:4)
  An iguana (D:6)
  3 orc wizards
  2 worker ants (D:5)
  2 hound skeletons (D:4)
  A worker ant zombie (D:6)
  4 gnolls (D:4)
  12 adders
  4 oozes
  An adder zombie (D:6)
  An adder skeleton (D:4)
  4 worms
  8 dart slugs
  6 leopard geckos
  23 orcs
  7 giant cockroaches
  6 goblins
  10 hobgoblins
  5 jackals
  A quokka (D:7)
  7 bats
  5 frilled lizards
  A giant cockroach zombie (D:5)
  7 kobolds
  A quokka skeleton (D:6)
  7 rats
150 creatures vanquished.

Vanquished Creatures (others)
  An orc wizard (D:7)
1 creature vanquished.

Grand Total: 151 creatures vanquished

Notes
Turn   | Place    | Note
-------+----------+-------------------------------------------
     0 | D:1      | galech the Minotaur Fighter began the quest for the Orb.
     0 | D:1      | Reached XP level 1. HP: 19/19 MP: 0/0
    47 | D:1      | Reached XP level 2. HP: 27/27 MP: 1/1
   652 | D:1      | Reached XP level 3. HP: 33/33 MP: 2/2
   781 | D:1      | You fall through a shaft!
   832 | D:2      | Found a hide-covered altar of Uskayaw.
  1011 | D:2      | Reached skill level 3 in Axes
  1031 | D:2      | Found a white marble altar of Elyvilon.
  1125 | D:2      | Reached XP level 4. HP: 33/40 MP: 3/3
  1493 | D:1      | Reached skill level 4 in Axes
  1934 | D:3      | Found a transporter.
  1935 | D:3      | Noticed Tovarisch's ghost (weakling NaWn)
  1951 | D:3      | Reached XP level 5. HP: 20/46 MP: 4/4
  2136 | D:3      | Found a transporter.
  2161 | D:3      | Reached skill level 1 in Dodging
  2625 | D:4      | Reached skill level 5 in Shields
  2629 | D:4      | Noticed an ogre
  2636 | D:4      | Killed an ogre
  2636 | D:4      | Reached skill level 5 in Axes
  2636 | D:4      | Reached XP level 6. HP: 37/53 MP: 5/5
  2647 | D:4      | Found an opulent altar of Gozag.
  2831 | D:4      | Reached skill level 6 in Axes
  2958 | D:4      | Reached XP level 7. HP: 34/60 MP: 6/6
  3317 | D:4      | Found a staircase to the Ecumenical Temple.
  3331 | Temple   | Entered the Ecumenical Temple
  3526 | Temple   | Became a worshipper of Makhleb the Destroyer
  3760 | D:5      | Entered Level 5 of the Dungeon
  3969 | D:5      | Reached skill level 1 in Stealth
  4099 | D:5      | Reached skill level 5 in Fighting
  4099 | D:5      | Reached skill level 7 in Axes
  4149 | D:5      | Reached skill level 5 in Armour
  4367 | D:5      | Reached XP level 8. HP: 58/68 MP: 7/7
  4628 | D:5      | Found a snail-covered altar of Cheibriados.
  4637 | D:5      | Reached * piety under Makhleb
  4727 | D:5      | Found an iron altar of Okawaru.
  4846 | D:6      | Found a glowing silver altar of Zin.
  4852 | D:6      | Reached skill level 8 in Axes
  5157 | D:6      | Reached skill level 1 in Invocations
  5230 | D:6      | Found an opulent altar of Gozag.
  5474 | D:6      | Noticed Menkaure
  5479 | D:6      | Killed Menkaure
  5713 | D:7      | HP: 2/71 [worker ant (7)]
  5715 | D:7      | Shot with an arrow by something

Vault maps used:
D:1:      saegor_arrival_simple_b
D:2:      old_standard_altar, overflow_temple_1_default
D:3:      gammafunk_ghost_mausoleum
D:4:      minmay_temple_entry_overgrown, first_ration, minmay_misc_feat_chi,
          nicolae_gozag_seed_capital
D:5:      kennysheep_slugbush, lemuel_round_altar, okawaru_metal_pillars_1_2
D:6:      nicolae_overflow_crystal_walls, basic_altar, uniq_menkaure
D:7:      kennysheep_little_box, enter_ossuary_5
Temple:   regret_index_temple_generic_petals

Skill      XL: |  1  2  3  4  5  6  7  8 |
---------------+-------------------------+-----
Shields        | 4 5 6 7 |  7.5
Armour         | 4 5 |  5.8
Fighting       | 4 5 6 |  6.4
Axes           | 3 4 5 6 7 8 |  8.7
Dodging        | 1 2 |  2.7
Stealth        | 1 |  1.3
Invocations    | 2 |  2.1

Action                   |  1- 3 |  4- 6 |  7- 9 || total
-------------------------+-------+-------+-------++-------
Melee: War axe           |    80 |   165 |   183 ||   428
       Headbutt          |    15 |    24 |    39 ||    78
  Use: Potion            |       |     3 |       ||     3
       Scroll            |       |     3 |     5 ||     8
 Stab: Sleeping          |       |       |     2 ||     2
  Eat: Chunk             |     1 |     6 |     5 ||    12
       Ration            |       |       |     2 ||     2
Armor: Scale mail        |     4 |       |       ||     4
       Chain mail        |    46 |    67 |       ||   113
       Leather armour    |       |    11 |    44 ||    55
Dodge: Dodged            |    16 |    51 |    71 ||   138
Block: Shield            |    50 |   120 |    91 ||   261

Table legend:
 A = Spawn XP
 B = Non-spawn XP
 C = Spawn XP percentage of total XP
 D = Spawn monster count
 E = Non-spawn monster count
 F = Spawn count percentage of total count
 G = Total turns spent on level
                    A         B        C        D         E        F      G
               +---------+---------+-------+---------+---------+-------+---------
         Total |       0 |    2607 |   0.0 |       0 |     151 |   0.0 |  5715
               +---------+---------+-------+---------+---------+-------+---------
           D:1 |       0 |      55 |   0.0 |       0 |      30 |   0.0 |  1010
           D:2 |       0 |      61 |   0.0 |       0 |      11 |   0.0 |   708
           D:3 |       0 |     169 |   0.0 |       0 |      31 |   0.0 |   805
           D:4 |       0 |     693 |   0.0 |       0 |      26 |   0.0 |  1139
           D:5 |       0 |     629 |   0.0 |       0 |      27 |   0.0 |   959
           D:6 |       0 |     684 |   0.0 |       0 |      17 |   0.0 |   757
           D:7 |       0 |     316 |   0.0 |       0 |       9 |   0.0 |   112
               +---------+---------+-------+---------+---------+-------+---------
